 Dungeon Crawl Stone Soup version 0.31.0-12-g77e489cdc1 (webtiles) character file.

Game seed: 8147465426069852787

15226 Neinet314 the Eclecticist (level 11, -8/54 HPs)
             Began as a Deep Elf Fire Elementalist on Mar 1, 2024.
             Was a Priest of Sif Muna.
             Mangled by a cane toad (24 damage)
             ... on level 2 of the Lair of Beasts.
             The game lasted 01:24:42 (14647 turns).

Neinet314 the Eclecticist (DEFE)                   Turns: 14647, Time: 01:24:43

Health: -8/54      AC:  4    Str:  5    XL:     11   Next: 99%
Magic:  21/32      EV: 17    Int: 25    God:    Sif Muna [***...]
Gold:   455        SH:  0    Dex: 15    Spells: 26/40 levels left

rFire   + . .        n - +5 club
rCold   . . .        A - orb {guile}
rNeg    . . .        j - +1 robe of the Cockatrice {+Inv rC+}
rPois   .            (no helmet)
rElec   .            w - +0 cloak
rCorr   .            (no gloves)
SInv    .            (no boots)
Will    .....        G - amulet of the acrobat
Stlth   ++           u - +5 ring of evasion
HPRegen 0.29/turn    y - ring of fire
MPRegen 0.23/turn

%: acrobat
@: lethally poisoned (-8 -> -28)
A: no striking features
a: Renounce Religion, Evoke Invisibility, Channel Magic, Forget Spell


You were on level 2 of the Lair of Beasts.
You worshipped Sif Muna.
Sif Muna was most pleased with you.
You visited 3 branches of the dungeon, and saw 12 of its levels.

You collected 455 gold pieces.

Inventory:

Hand Weapons
 c - a +0 whip
 e - a +0 mace
 n - a +5 club (weapon)
 s - a +0 mace of protection
Armour
 a - a +0 robe
 j - the +1 robe of the Cockatrice (worn) {+Inv rC+}
   (You found it on level 4 of the Dungeon)

   rC+:       It protects you from cold.
   +Inv:      It lets you turn invisible.
 o - a +0 robe of cold resistance
 w - a +0 cloak (worn)
 A - an orb of guile (worn)
Jewellery
 r - a ring of resist corrosion
 u - a +5 ring of evasion (left hand)
 y - a ring of fire (right hand)
 G - an amulet of the acrobat (around neck)
 H - a ring of resist corrosion
 M - a ring of see invisible
 O - an amulet of regeneration
 P - a ring of protection from fire
Wands
 z - a wand of polymorph (7)
 D - a wand of flame (19)
 F - a wand of mindburst (26)
 K - a wand of paralysis (2)
 N - a wand of digging (3)
Scrolls
 d - 6 scrolls of identify
 f - 2 scrolls of silence {unknown}
 h - a scroll of noise {unknown}
 k - 3 scrolls of fear {unknown}
 l - 2 scrolls of torment {unknown}
 m - 2 scrolls of fog {unknown}
 t - a scroll of poison {unknown}
 v - a scroll of butterflies {unknown}
 B - 2 scrolls of brand weapon {unknown}
 C - a scroll of blinking {unknown}
 L - a scroll of immolation {unknown}
 Q - a scroll of enchant armour {unknown}
Potions
 i - 3 potions of attraction
 p - 4 potions of haste
 q - a potion of resistance {unknown}
 x - 2 potions of might
 E - 2 potions of mutation {unknown}
 I - a potion of curing
 J - 3 potions of enlightenment {unknown}


   Skills:
 - Level 2.6 Dodging
 - Level 2.4 Stealth
 * Level 15.1 Spellcasting
 + Level 8.3 Conjurations
 + Level 8.2 Summonings
 * Level 13.1 Fire Magic


You had 26 spell levels left.
You knew the following spells:

 Your Spells              Type           Power      Damage    Failure   Level
a - Foxfire               Conj/Fire      100%       2x1d9     1%          1
b - Scorch                Fire           100%       2d9       1%          2
c - Call Imp              Summ           100%       N/A       1%          2
d - Flame Wave            Conj/Fire      83%        2d18      1%          4
e - Sublimation of Blood  Necr           18%        N/A       4%          2
f - Inner Flame           Hex/Fire       67%        N/A       1%          3

Your spell library contained the following spells:

 Spells                   Type           Power      Damage    Failure   Level
 Shock                    Conj/Air       100%       1d9       1%          1
 Sting                    Conj/Alch      100%       1d9       1%          1
 Stone Arrow              Conj/Erth      78%        3d11      1%          3
 Volatile Blastmotes      Fire/Tloc      100%       2d18      1%          3
 Apportation              Tloc           36%        N/A       3%          1
 Sandblast                Erth           36%        2d10      3%          1
 Jinxbite                 Hex            36%        N/A       4%          2
 Mercury Vapours          Alch/Air       36%        N/A       4%          2
 Brom's Barrelling Bould  Conj/Erth      39%        2d6       5%          4
 Frozen Ramparts          Ice            36%        1d6       9%          3
 Gell's Gravitas          Tloc           18%        N/A       9%          3
 Passwall                 Erth           18%        N/A       9%          3
 Swiftness                Air            18%        N/A       9%          3
 Teleport Other           Tloc           18%        N/A       9%          3
 Arcjolt                  Conj/Air       19%        1d29      14%         5
 Airstrike                Air            9%         2d(2-18)  28%         4
 Leda's Liquefaction      Alch/Erth      9%         N/A       28%         4
 Olgreb's Toxic Radiance  Alch           18%        N/A       28%         4
 Passage of Golubria      Tloc           18%        N/A       28%         4
 Petrify                  Alch/Erth      18%        N/A       28%         4
 Vhi's Electric Charge    Tloc/Air       36%        N/A       28%         4
 Plasma Beam              Fire/Air       33%        2x1d46    30%         6
 Alistair's Intoxication  Alch           12%        N/A       63%         5
 Metabolic Englaciation   Hex/Ice        9%         N/A       63%         5
 Silence                  Hex/Air        9%         N/A       63%         5
 Summon Hydra             Summ           28%        N/A       63%         7
 Dispersal                Tloc           9%         N/A       99%         6
 Lehudib's Crystal Spear  Conj/Erth      19%        10d6      100%        8


Dungeon Overview and Level Annotations

Branches:
Dungeon (9/15)             Temple (1/1) D:6            Lair (2/5) D:9
  Swamp: Lair:2-3    Shoals: Lair:2-3     Snake: Lair:2-3    Spider: Lair:2-3
    Orc: D:9-12

Altars:
Ashenzari
Cheibriados
Dithmenos
Elyvilon
Gozag
Hepliaklqana
Kikubaaqudgha
Makhleb
Nemelex Xobeh
Okawaru
Qazlal
Ru
Sif Muna
Trog
Uskayaw
Vehumet
Wu Jian
Xom
Yredelemnul
Zin
The Shining One

Shops:
D:2 *   D:8 *   D:9 *


Message History

Confirm with . or Enter, or press ? or * to list all spells.
You don't have enough magic to cast this spell.
A cane toad is nearby!
Magic courses through your body.
The cane toad gives a loud, deep croak!
Casting: Scorch (safe; 1% risk of failure)
Confirm with . or Enter, or press ? or * to list all spells.
You feel a surge of power!
You conjure some foxfire!
Casting: Foxfire (safe; 1% risk of failure)
Confirm with . or Enter, or press ? or * to list all spells.
You feel a surge of power!
Flames lash the cane toad.
The cane toad is lightly wounded.
The cane toad's fire resistance burns away.
The foxfire hits the cane toad!
The cane toad is burned terribly!
The cane toad is moderately wounded.
The foxfire hits the cane toad!
The cane toad is burned terribly!
The cane toad is heavily wounded.
Casting: Scorch (safe; 1% risk of failure)
Confirm with . or Enter, or press ? or * to list all spells.
You feel a surge of power!
You conjure some foxfire!
The cane toad misses you.
Casting: Foxfire (safe; 1% risk of failure)
Confirm with . or Enter, or press ? or * to list all spells.
You feel a surge of power!
You conjure some foxfire!
The foxfire hits the cane toad but does no damage.
The cane toad is heavily wounded.
The foxfire hits the cane toad.
The cane toad is burned terribly!
The cane toad is severely wounded.
The cane toad stings you!
Casting: Foxfire (safe; 1% risk of failure)
Confirm with . or Enter, or press ? or * to list all spells.
You feel a surge of power!
You conjure some foxfire!
The foxfire hits the cane toad.
The cane toad is burned terribly!
The cane toad is severely wounded.
The foxfire hits the cane toad.
The cane toad is burned terribly!
The cane toad is almost dead.
The cane toad stings you.
* * * LOW HITPOINT WARNING * * *
You are lethally poisoned!
The cane toad poisons you! The cane toad stings you!!
You die...

#...............#.... ........
###...#............#P..#.#......#
.#... #....P..##..##..##........#
..##..........#........#........#
...........(..†..................
......................... .......
..... ......#........# ... .....
.....#.Fv.....# ... .....
.....§^@........ ... .....
......§v§......# ... .#S..
#....#........#. ... ## ..
#..P.##..##..## .. ..... ....
.... .... #..P. .... . P...# ....
.....


You could see a cane toad (combustible, ally target).

Vanquished Creatures
  A boulder beetle (Lair:1)
  The ghost of monsoonserge the Martial Artist, a novice GnSh of Cheibriados (D:9)
  The ghost of Zeo the Skirmisher, a novice BaHu of Hepliaklqana (D:7)
  The ghost of Scrunko the Cudgeller, a novice TrBe of Trog (D:7)
  2 black mambas (Lair:1)
  Maggie (D:7)
  2 cane toads (Lair:1)
  A komodo dragon (Lair:1)
  2 trolls (D:9)
  A polar bear (Lair:1)
  8 blink frogs
  23 yaks
  3 wyverns
  Grum (Lair:1)
  A basilisk (Lair:1)
  An acid dragon (D:9)
  8 water moccasins
  2 orc warriors
  A black bear (D:5)
  5 wolves
  A sky beast (D:8)
  An ogre (D:5)
  A centaur (D:8)
  3 phantoms
  7 bullfrogs
  2 kobold brigands
  A scorpion (D:3)
  10 wights
  6 killer bees
  3 howler monkeys
  2 electric eels (D:9)
  8 hounds
  4 orc priests
  Crazy Yiuf (D:5)
  A gnoll bouda (D:6)
  A jelly (D:6)
  Jessica (D:2)
  3 iguanas
  4 orc wizards
  4 adders
  14 gnolls
  2 shadow imps
  2 white imps
  2 ufetubi (D:6)
  A dart slug (D:1)
  2 ribbon worms
  31 orcs
  4 endoplasms
  5 giant cockroaches
  9 goblins
  5 hobgoblins
  4 jackals (D:4)
  10 kobolds
  8 quokkas
  4 ball pythons
  3 bats
  9 rats
245 creatures vanquished.

Vanquished Creatures (collateral kills)
  A two-headed ogre (D:9)
  2 wights
  2 gnolls (D:7)
  An adder (D:5)
  A ribbon worm (D:3)
  An endoplasm (D:3)
  A goblin (D:2)
  A rat (D:2)
  6 foxfires
16 creatures vanquished.

Vanquished Creatures (others)
  A kobold (D:8)
  833 foxfires
834 creatures vanquished.

Grand Total: 1095 creatures vanquished

Notes
Turn   | Place    | Note
-------+----------+-------------------------------------------
     0 | D:1      | Neinet314 the Deep Elf Fire Elementalist began the quest
                  | for the Orb.
     0 | D:1      | Reached XP level 1. HP: 10/10 MP: 6/6
   623 | D:1      | Reached XP level 2. HP: 15/15 MP: 0/8
  1862 | D:2      | Found Zaar's General Store.
  2309 | D:2      | Found a faded altar of an unknown god.
  2331 | D:2      | Reached XP level 3. HP: 11/19 MP: 2/10
  2462 | D:2      | Learned a level 2 spell: Scorch
  2467 | D:2      | Learned a level 2 spell: Call Imp
  2979 | D:2      | Noticed Jessica
  2983 | D:2      | Killed Jessica
  2984 | D:2      | Reached skill level 4 in Spellcasting
  3451 | D:3      | Reached XP level 4. HP: 24/24 MP: 3/12
  4523 | D:4      | Noticed a scorpion
  4746 | D:3      | Killed a scorpion
  4747 | D:3      | Reached skill level 5 in Spellcasting
  4747 | D:3      | Reached skill level 5 in Fire Magic
  4747 | D:3      | Reached XP level 5. HP: 15/28 MP: 6/14
  4815 | D:4      | Identified the +1 robe of the Cockatrice {+Inv rC+}
  5426 | D:4      | Reached skill level 6 in Spellcasting
  5426 | D:4      | Reached XP level 6. HP: 32/32 MP: 11/17
  5668 | D:5      | Entered Level 5 of the Dungeon
  5836 | D:5      | Reached skill level 1 in Summonings
  5952 | D:5      | Reached XP level 7. HP: 36/36 MP: 11/19
  6018 | D:5      | Found a glowing golden altar of the Shining One.
  6042 | D:5      | Reached skill level 7 in Spellcasting
  6492 | D:5      | Found a runed translucent door.
  6493 | D:5      | Noticed Crazy Yiuf
  6502 | D:5      | Killed Crazy Yiuf
  7008 | D:6      | Reached skill level 8 in Spellcasting
  7138 | D:6      | Found a staircase to the Ecumenical Temple.
  7140 | D:6      | Reached XP level 8. HP: 41/41 MP: 19/22
  7156 | Temple   | Entered the Ecumenical Temple
  7240 | Temple   | Became a worshipper of Sif Muna the Loreminder
  8174 | D:6      | Found a broken altar of Ashenzari.
  8174 | D:6      | Found a sacrificial altar of Ru.
  8286 | D:7      | Reached skill level 9 in Spellcasting
  8474 | D:7      | Reached * piety under Sif Muna
  8526 | D:7      | Found a runed translucent gate.
  8526 | D:7      | Found a runed translucent gate.
  8526 | D:7      | Found a runed translucent gate.
  8534 | D:7      | Noticed Scrunko's ghost (novice TrBe)
  8534 | D:7      | Noticed Zeo's ghost (novice BaHu)
  8592 | D:7      | Found a snail-covered altar of Cheibriados.
  8660 | D:7      | Learned a level 4 spell: Flame Wave
  8692 | D:7      | Reached XP level 9. HP: 33/45 MP: 7/24
  9030 | D:7      | Noticed Maggie
  9042 | D:7      | Killed Maggie
  9043 | D:7      | Reached skill level 10 in Spellcasting
  9302 | D:7      | Killed Scrunko's ghost
  9303 | D:7      | Reached skill level 5 in Conjurations
  9305 | D:7      | Killed Zeo's ghost
  9306 | D:7      | Reached skill level 11 in Spellcasting
  9306 | D:7      | Reached skill level 5 in Summonings
  9649 | D:7      | Reached skill level 10 in Fire Magic
  9879 | D:8      | Found Mafaq's Neck Hole.
  9905 | D:8      | Reached XP level 10. HP: 50/50 MP: 11/27
  9912 | D:8      | HP: 1/50 [yak (10)]
 10068 | D:7      | Reached skill level 12 in Spellcasting
 10345 | D:8      | Reached ** piety under Sif Muna
 10684 | D:8      | Found a hide-covered altar of Uskayaw.
 10943 | D:9      | Found Axuxicya's Elemental Accessories.
 10994 | D:9      | Noticed a two-headed ogre
 11175 | D:9      | Reached skill level 13 in Spellcasting
 11670 | D:9      | Found a large runed translucent door.
 11672 | D:9      | Found a large runed translucent door.
 11672 | D:9      | Noticed monsoonserge's ghost (novice GnSh)
 11845 | D:9      | Found a staircase to the Lair.
 11865 | D:9      | Killed a two-headed ogre
 11866 | D:9      | Reached XP level 11. HP: 54/54 MP: 19/30
 12468 | D:9      | Killed monsoonserge's ghost
 12601 | Lair:1   | Entered Level 1 of the Lair of Beasts
 12785 | Lair:1   | Noticed Grum
 12792 | Lair:1   | Killed Grum
 12981 | Lair:1   | Noticed a boulder beetle
 12993 | Lair:1   | Killed a boulder beetle
 13103 | Lair:1   | Reached skill level 14 in Spellcasting
 13929 | Lair:1   | Learned a level 2 spell: Sublimation of Blood
 13933 | Lair:1   | Learned a level 3 spell: Inner Flame
 14451 | Lair:2   | Reached *** piety under Sif Muna
 14461 | Lair:2   | Reached skill level 15 in Spellcasting
 14647 | Lair:2   | Mangled by a cane toad

Illustrated notes

Levels and vault maps discovered:
D:1:      nagdon_arrival_double_spiral, layout_loops_ring,
          amcnicky_mini_pool_small, st_stairs_6
D:2:      layout_loops_cross, basic_ecumenical_altar, serial_shops,
          nicolae_shop_temple_entry_statues_fountains, minivault_23,
          dk_noncrumbling_4, uniq_jessica
D:3:      minmay_angry_zag, layout_basic
D:4:      layout_cave_pools
D:5:      layout_rooms, nicolae_tso_carved_into_rock, uniq_crazy_yiuf_cottage
D:6:      layout_loops_cross, amethyst_overflow_temple_binary,
          minmay_temple_entry_tees
D:7:      layout_cave_pools, slow_altar_2, gammafunk_ghost_cemetery, uniq_maggie
D:8:      layout_cave_pools, lemuel_doored_altar,
          nicolae_shop_sticking_my_neck_out
D:9:      layout_basic, erik_lair_island, ebering_ghost_disaster_area,
          nicolae_elemental_shop, nicolae_tricolors
Temple:   nicolae_temple_x_marks_the_god
Lair:1:   layout_cave_pods, uniq_grum
Lair:2:   layout_regular_city, spider_nest_entry_web_field, st_stairs_5,
          serial_bayou_pond_b, grunt_forest_large_clearings

Skill      XL: |  1  2  3  4  5  6  7  8  9 10 11 |
---------------+----------------------------------+-----
Fire Magic     | 4 5 6 7 8 10 11 13 | 13.1
Spellcasting   | 4 5 6 8 9 11 13 15 | 15.1
Conjurations   | 2 3 4 5 7 8 |  8.3
Summonings     | 1 2 4 5 6 8 |  8.2
Dodging        | |  2.6
Stealth        | |  2.4

Action                     |  1- 3 |  4- 6 |  7- 9 | 10-12 || total
---------------------------+-------+-------+-------+-------++-------
  Melee: Whip              |     2 |       |       |       ||     2
         Mace              |     7 |       |       |       ||     7
         Club              |       |       |     4 |     1 ||     5
   Cast: Foxfire           |    84 |    96 |   169 |   207 ||   556
         Call Imp          |     7 |    15 |    21 |    17 ||    60
         Scorch            |     5 |    36 |    49 |    47 ||   137
         Flame Wave        |       |       |    12 |    29 ||    41
         Inner Flame       |       |       |       |     8 ||     8
         Sublimation of Bl |       |       |       |     1 ||     1
    Use: Scroll            |     1 |       |     1 |     4 ||     6
         Potion            |       |     3 |     3 |     9 ||    15
   Stab: Sleeping          |     4 |       |       |       ||     4
 Armour: Robe              |    22 |    25 |    37 |    59 ||   143
         Skin              |     1 |       |       |       ||     1
  Dodge: Dodged            |    24 |    29 |    23 |    56 ||   132
